 Dungeon Crawl Stone Soup version 0.31.0-9-g3a7656b989 (webtiles) character file.

Game seed: 335708691374023147

27 qw the Shooter (level 2, -1/16 HPs)
             Began as a Deep Elf Hunter on Feb 2, 2024.
             Slain by a kobold
             ... wielding a +0 short sword
              (2 damage)
             ... on level 2 of the Dungeon.
             The game lasted 00:00:01 (576 turns).

qw the Shooter (Deep Elf Hunter)                     Turns: 576, Time: 00:00:02

Health: -1/16      AC:  5    Str:  8    XL:     2   Next: 93%
Magic:  4/4        EV: 10    Int: 13    God:
Gold:   47         SH:  0    Dex: 18    Spells: 1/1 levels left

rFire   . . .        a - +0 shortbow
rCold   . . .        (shield currently unavailable)
rNeg    . . .        f - +0 ring mail
rPois   .            (no helmet)
rElec   .            (no cloak)
rCorr   .            (no gloves)
SInv    .            (no boots)
Will    .....        g - amulet of faith
Stlth   +            (no ring)
HPRegen 0.22/turn    (no ring)
MPRegen 0.09/turn

%: faith
@: no status effects
A: no striking features
a: no special abilities


You were on level 2 of the Dungeon.
You visited 1 branch of the dungeon, and saw 2 of its levels.

You collected 47 gold pieces.


   Skills:
 - Level 1.5 Fighting
 + Level 6.6 Ranged Weapons
 - Level 2.4 Dodging
 - Level 1.2 Stealth


You had one spell level left.
You didn't know any spells.
Your spell library was empty.

Inventory:

Hand Weapons
 a - a +0 shortbow (weapon)
Armour
 f - a +0 ring mail (worn)
Jewellery
 g - an amulet of faith (around neck)
Scrolls
 b - a scroll of teleportation {unknown}

Dungeon Overview and Level Annotations

Branches:
Dungeon (2/15)

Altars:
Ashenzari


Message History

Your surroundings suddenly seem different.
A kobold, a ball python, an endoplasm and a frilled lizard come into view.
Found a stone staircase leading up.
The kobold shouts!
The endoplasm quivers.
The frilled lizard hisses angrily.
Enter note:
Enter note: You shoot an arrow.
The arrow completely misses the endoplasm.
The ball python hisses angrily.
The endoplasm hits you but does no damage.
The frilled lizard bites you.
A dart slug comes into view.
The frilled lizard bites you.
The endoplasm hits you but does no damage.
You shoot an arrow. The arrow hits the endoplasm.
The endoplasm is severely wounded.
The endoplasm hits you. The frilled lizard closely misses you.
You shoot an arrow. The arrow hits the endoplasm.
The endoplasm is almost dead.
The endoplasm freezes you.
You are frozen.
The frilled lizard bites you but does no damage.
You shoot an arrow. The arrow barely misses the endoplasm.
The ball python bites you but does no damage.
The ball python grabs you. The ball python constricts you.
The frilled lizard barely misses you. The endoplasm freezes you.
You are frozen.
The kobold hits you with a +0 short sword.
The ball python bites you. The ball python constricts you.
You shoot an arrow. The arrow hits the ball python!
You kill the ball python!
A ball python comes into view.
The frilled lizard bites you but does no damage.
The endoplasm freezes you.
You are frozen.
The kobold hits you but does no damage.
The kobold hits you with a +0 short sword.
You die...

......### .........
........# ........#
........#
........#####.#
......JlK......
......%@..<....
........####.##
........# ........#
...w....#
........##.#######
.S.....#............
.........?......#...
...[..........#


You could see a dart slug, an endoplasm, a ball python (wandering), a kobold and
a frilled lizard.

Vanquished Creatures
  An adder (D:2)
  A dart slug (D:1)
  2 endoplasms
  2 goblins (D:1)
  5 ball pythons
  A bat (D:1)
  2 kobolds
  4 rats (D:1)
18 creatures vanquished.

Notes
Turn   | Place    | Note
-------+----------+-------------------------------------------
     0 | D:1      | qw the Deep Elf Hunter began the quest for the Orb.
     0 | D:1      | Reached XP level 1. HP: 12/12 MP: 3/3
     0 | D:1      | 0 ||| qw: Version: 0.3-a-155-g5e7d8dd
     0 | D:1      | 0 ||| qw: Game counter: 2433
     0 | D:1      | 0 ||| qw: Melee chars always use a shield: true
     0 | D:1      | 0 ||| qw: God list: Okawaru
     0 | D:1      | 0 ||| qw: Allow faded altars: false
     0 | D:1      | 0 ||| qw: Do Orc after clearing Dungeon:15 true
     0 | D:1      | 0 ||| qw: Do second Lair branch before Depths: true
     0 | D:1      | 0 ||| qw: Lair rune preference: random
     0 | D:1      | 0 ||| qw: Goals: Normal
     0 | D:1      | 0 ||| PLANNING D:1-11
   113 | D:1      | Reached XP level 2. HP: 16/16 MP: 4/4
   115 | D:1      | Reached skill level 6 in Ranged Weapons
   295 | D:1      | 295 ||| UPGRADING to +0 ring mail.
   305 | D:1      | 305 ||| DROPPING +0 leather armour.
   306 | D:1      | 306 ||| UPGRADING to amulet of faith.
   311 | D:1      | 311 ||| READING scroll labelled RIULYRCHARI.
   312 | D:1      | 312 ||| READING scroll labelled XULIOSSYTE.
   313 | D:1      | 313 ||| READING scroll labelled SOICETTURCHO.
   414 | D:1      | 414 ||| DROPPING scroll of butterflies.
   452 | D:2      | HP: 2/16 [adder (4)]
   518 | D:2      | Found a faded altar of an unknown god.
   557 | D:2      | Found a broken altar of Ashenzari.
   575 | D:2      | HP: 3/16 [kobold/+0 short sword (3)]
   575 | D:2      | HP: 1/16 [ball python (2)]
   576 | D:2      | Slain by a kobold

Levels and vault maps discovered:
D:1:      minmay_arrival_three_doors, layout_basic, minmay_distorted
D:2:      layout_rooms, basic_altar, hellmonk_ecumenical_altar_lost_god,
          minmay_increasing_density

Skill      XL: |  1  2 |
---------------+-------+-----
Ranged Weapons | 6 |  6.6
Fighting       | |  1.5
Dodging        | |  2.4
Stealth        | |  1.2

Action                     || total
---------------------------++-------
   Fire: Shortbow          ||    47
    Use: Scroll            ||     3
 Armour: Ring mail         ||    20
         Leather armour    ||     4
  Dodge: Dodged            ||    14

Table legend:
 A = Non-vault XP
 B = Vault XP
 C = Vault XP percentage of total XP
 D = Non-vault monster count
 E = Vault monster count
 F = Vault count percentage of total count
                 A         B        C        D         E       F
            +---------+---------+-------+---------+---------+-------
      Total |      39 |       2 |   4.9 |      17 |       1 |   5.6
            +---------+---------+-------+---------+---------+-------
        D:1 |      19 |       2 |   9.5 |      13 |       1 |   7.1
        D:2 |      20 |       0 |   0.0 |       4 |       0 |   0.0
            +---------+---------+-------+---------+---------+-------
